 Dungeon Crawl Stone Soup version 0.21-a0-401-g0b6bec4 (webtiles) character file.

814 tof the Chopper (level 7, -2/61 HPs)
             Began as a Minotaur Monk on Oct 22, 2017.
             Slain by a wight
             ... wielding a cursed +5 dire flail
              (3 damage)
             ... on level 6 of the Dungeon.
             The game lasted 00:06:18 (3916 turns).

tof the Chopper (Minotaur Monk)                     Turns: 3916, Time: 00:06:19

Health: -2/61      AC:  7    Str: 18    XL:     7   Next: 62%
Magic:  6/6        EV: 11    Int:  7    God:
Gold:   352        SH:  0    Dex: 12    Spells: 6/6 levels left

rFire    . . .     SeeInvis .   a - +0 hand axe
rCold    . . .     Gourm    .   (no shield)
rNeg     + . .     Faith    .   z - +0 scale mail
rPois    .         Spirit   .   (helmet restricted)
rElec    .         Reflect  .   (no cloak)
rCorr    .         Harm     .   (no gloves)
MR       .....                  (no boots)
Stlth    ..........             m - amulet of magic regeneration
HPRegen  0.20/turn              h - ring of positive energy
MPRegen  0.35/turn              (no ring)

@: drained
A: retaliatory headbutt, horns 2
a: no special abilities


You were on level 6 of the Dungeon.
You were not hungry.

You visited 1 branch of the dungeon, and saw 6 of its levels.

You collected 352 gold pieces.

Inventory:

Hand Weapons
 a - a +0 hand axe (weapon)
Missiles
 v - 27 poisoned needles
 x - 3 tomahawks (quivered)
Armour
 j - a +0 leather armour
 z - a +0 scale mail (worn)
Jewellery
 h - a ring of positive energy (left hand)
 m - an amulet of magic regeneration (around neck)
Wands
 d - a wand of scattershot (3/9)
 q - a wand of lightning (4/15)
Scrolls
 e - 2 scrolls of recharging
 g - 3 scrolls of teleportation
 o - a scroll of blinking
 t - a scroll of amnesia
 u - a scroll of noise {unknown}
 y - a scroll of enchant armour {unknown}
 C - a scroll of fear {unknown}
Potions
 b - 2 potions of brilliance {unknown}
 f - 2 potions of agility
 i - a potion of berserk rage {unknown}
 k - a potion of flight {unknown}
 l - 2 potions of magic {unknown}
 n - 4 potions of curing {unknown}
 r - a potion of might {unknown}
Books
 s - a book of Minor Magic

   Spells                             Type                      Level
   a - Magic Dart                     Conjuration                  1
   b - Blink                          Translocation                2
   c - Call Imp                       Summoning                    2
   d - Slow                           Hexes                        2
   e - Conjure Flame                  Conjuration/Fire             3
   f - Mephitic Cloud                 Conjuration/Poison/Air       3
 w - a book of Cantrips

   Spells                             Type                      Level
   a - Confusing Touch                Hexes                        1
   b - Animate Skeleton               Necromancy                   1
   c - Summon Small Mammal            Summoning                    1
   d - Apportation                    Translocation                1
 A - a book of Changes

   Spells                             Type                      Level
   a - Beastly Appendage              Transmutation                1
   b - Sticks to Snakes               Transmutation                2
   c - Spider Form                    Transmutation/Poison         3
   d - Ice Form                       Ice/Transmutation            4
   e - Blade Hands                    Transmutation                5
Comestibles
 c - 5 bread rations
 p - 2 royal jellies
 B - 2 chunks of flesh


   Skills:
 + Level 5.4(4.7) Fighting
 * Level 6.9(6.1) Axes
 * Level 5.7(5.0) Armour
 + Level 5.0(4.3) Dodging
 - Level 1.5(0.8) Stealth


You had 6 spell levels left.
You didn't know any spells.

Dungeon Overview and Level Annotations

Branches:
Dungeon (6/15)
 Temple: D:4-7

Altars:
Dithmenos
Elyvilon
Kikubaaqudgha
Qazlal


Innate Abilities, Weirdness & Mutations

You reflexively headbutt those who attack you in melee.
You have a pair of horns on your head.


Message History

The wight hits you with an enchanted long sword.
You hit the wight.
The wight is almost destroyed.
The wight barely misses you.
You hit the wight.
You destroy the wight!
You completely miss the wight.
You headbutt the wight, but do no damage.
The wight hits you with an enchanted dire flail!
You partially resist.
You feel drained.
* * * LOW HITPOINT WARNING * * *
You closely miss the wight.
The wight hits you with an enchanted dire flail!
* * * LOW HITPOINT WARNING * * *
You partially resist.
You feel drained.
* * * LOW HITPOINT WARNING * * *
You hit the wight but do no damage.
You headbutt the wight, but do no damage.
The wight hits you with an enchanted dire flail.
You die...

#.# #........##.....#...
#.# #.##..#####....##.#.
#.# #.##................
#.###.###.#######.###.##
#.........# #.# #.#
#####.##### ##'###.#
#.#..# ##...##.## ##.#z#
##.....#... ###@##
##.......###
##...####.........##
#.......'.........'.
##...####.........##
##.#.## ##..>....###
#.###.# ##.....## #
##.#.## ##...## # ##..#
##+## # ##(# #.# #


You could see a wight.

Vanquished Creatures
  Sigmund (D:2)
  Edmund (D:5)
  A scorpion (D:4)
  2 wights (D:6)
  A howler monkey (D:6)
  A crimson imp (D:6)
  A centaur skeleton (D:4)
  A hound (D:6)
  An orc wizard (D:5)
  2 worker ants
  3 gnolls (D:5)
  6 adders
  A shadow imp (D:5)
  5 oozes
  2 adder skeletons
  2 worms
  2 dart slugs
  2 leopard geckos
  8 orcs
  4 bats
  5 giant cockroaches
  4 hobgoblins
  4 jackals (D:1)
  A quokka (D:4)
  8 frilled lizards
  10 goblins
  9 kobolds
  4 rats
92 creatures vanquished.

Notes
Turn   | Place    | Note
-------+----------+-------------------------------------------
     0 | D:1      | tof the Minotaur Monk began the quest for the Orb.
     0 | D:1      | Reached XP level 1. HP: 19/19 MP: 0/0
    56 | D:1      | Reached skill level 1 in Armour
    77 | D:1      | Reached XP level 2. HP: 25/27 MP: 1/1
    99 | D:1      | Reached skill level 4 in Axes
   338 | D:1      | Reached XP level 3. HP: 20/33 MP: 2/2
  1208 | D:2      | Reached XP level 4. HP: 36/40 MP: 3/3
  1400 | D:2      | Noticed Sigmund
  1423 | D:2      | Killed Sigmund
  1423 | D:2      | Reached skill level 5 in Axes
  1423 | D:2      | Reached XP level 5. HP: 23/47 MP: 4/4
  1962 | D:3      | Found an ancient bone altar of Kikubaaqudgha.
  1963 | D:3      | Found a white marble altar of Elyvilon.
  1964 | D:3      | Found a stormy altar of Qazlal.
  1969 | D:3      | Found a shadowy altar of Dithmenos.
  2022 | D:3      | Reached XP level 6. HP: 39/53 MP: 5/5
  2282 | D:3      | Found a shadowy altar of Dithmenos.
  2900 | D:4      | Reached skill level 6 in Axes
  3092 | D:5      | Entered Level 5 of the Dungeon
  3264 | D:5      | Noticed Edmund
  3275 | D:5      | Reached skill level 5 in Fighting
  3281 | D:5      | Reached XP level 7. HP: 38/61 MP: 6/6
  3284 | D:5      | Killed Edmund
  3284 | D:5      | Reached skill level 5 in Armour
  3876 | D:6      | Reached skill level 5 in Dodging
  3915 | D:6      | HP: 1/61 [wight/enchanted dire flail (3)]
  3916 | D:6      | Slain by a wight

Vault maps used:
D:1:      dpeg_arrival_water_temple_mockup
D:2:      serial_curves, eino_curves_01, eino_curves_04, uniq_sigmund
D:3:      grunt_temple_overflow_open, first_bread, grunt_dithmenos_smoke
D:4:      serial_bayou_pond_a, st_stairs_5, corexii_item_surrounded_by_moat
D:5:      uniq_edmund

Skill      XL: |  1  2  3  4  5  6  7 |
---------------+----------------------+-----
Armour         | 1 2 3 4 5 |  5.7
Axes           | 4 5 6 |  6.9
Fighting       | 4 5 |  5.4
Dodging        | 4 5 |  5.0
Stealth        | |  1.5

Action                   |  1- 3 |  4- 6 |  7- 9 || total
-------------------------+-------+-------+-------++-------
Melee: Hand axe          |    92 |   128 |    54 ||   274
       Headbutt          |     9 |    23 |    10 ||    42
  Use: Scroll            |       |       |     4 ||     4
 Stab: Sleeping          |     2 |       |       ||     2
  Eat: Chunk             |     1 |     6 |     3 ||    10
Armor: Robe              |    10 |       |       ||    10
       Leather armour    |       |    11 |       ||    11
       Scale mail        |       |    16 |     5 ||    21
Dodge: Dodged            |    76 |    94 |    27 ||   197

Table legend:
 A = Spawn XP
 B = Non-spawn XP
 C = Spawn XP percentage of total XP
 D = Spawn monster count
 E = Non-spawn monster count
 F = Spawn count percentage of total count
 G = Total turns spent on level
                    A         B        C        D         E        F      G
               +---------+---------+-------+---------+---------+-------+---------
         Total |       0 |    1164 |   0.0 |       0 |      92 |   0.0 |  3916
               +---------+---------+-------+---------+---------+-------+---------
           D:1 |       0 |      71 |   0.0 |       0 |      32 |   0.0 |  1163
           D:2 |       0 |     275 |   0.0 |       0 |      12 |   0.0 |   611
           D:3 |       0 |      79 |   0.0 |       0 |      19 |   0.0 |   754
           D:4 |       0 |     170 |   0.0 |       0 |       8 |   0.0 |   564
           D:5 |       0 |     314 |   0.0 |       0 |      15 |   0.0 |   610
           D:6 |       0 |     255 |   0.0 |       0 |       6 |   0.0 |   214
               +---------+---------+-------+---------+---------+-------+---------
